 Dungeon Crawl Stone Soup version 0.27.0-1-g7a089689b8 (console) character file.

Game seed: 8743513543313732657

228 jejorda2 the Cutter (level 6, 0/38 HPs)
             Began as a Kobold Chaos Knight on Aug 11, 2021.
             Was a Believer of Dithmenos.
             Killed by nerve-wracking pain
             ... invoked by a shadow imp
             ... summoned by Xom
              (6 damage)
             ... on level 2 of the Dungeon.
             The game lasted 00:09:26 (3839 turns).

jejorda2 the Cutter (Kobold Chaos Knight)           Turns: 3839, Time: 00:09:28

Health: 0/38       AC:  7    Str: 11    XL:     6   Next: 22%
Magic:  13/18      EV: 14    Int: 14    God:    Dithmenos [**....]
Gold:   22         SH:  0    Dex: 14    Spells: 6/9 levels left

rFire    . . .     SeeInvis .   a - +1 dagger (drain)
rCold    . . .     Faith    .   (shield restricted)
rNeg     . . .     Spirit   .   b - +2 leather armour
rPois    .         Reflect  .   (no helmet)
rElec    .         Harm     .   (no cloak)
rCorr    .         Rampage  .   c - +0 pair of gloves
Will     .....                  k - +0 pair of boots
Stlth    +++.......             (no amulet)
HPRegen  0.12/turn              i - ring of magical power
MPRegen  0.16/turn              (no ring)

@: brilliant, weak-willed, flying, wreathed by umbra
A: small, no large weapons, nightstalker 3
a: Renounce Religion, Shadow Step


You were on level 2 of the Dungeon.
You worshipped Dithmenos.
Dithmenos was pleased with you.
You visited 1 branch of the dungeon, and saw 3 of its levels.

You collected 22 gold pieces.

Inventory:

Hand Weapons
 a - a +1 dagger of draining (weapon)
 d - a +0 short sword of chaos
 h - a +0 dagger
 m - a +0 short sword
Missiles
 j - 20 poisoned darts (quivered)
Armour
 b - a +2 leather armour (worn)
 c - a +0 pair of gloves (worn)
 k - a +0 pair of boots (worn)
Jewellery
 i - a ring of magical power (left hand)
Wands
 n - a wand of digging (4)
Scrolls
 l - a scroll of identify


   Skills:
 - Level 4.0 Fighting
 - Level 5.7 Short Blades
 - Level 0.7 Armour
 - Level 2.4 Dodging
 - Level 1.0 Stealth
 + Level 2.4 Spellcasting
 + Level 2.5 Hexes
 - Level 1.1 Invocations


You had 6 spell levels left.
You knew the following spells:

 Your Spells              Type           Power      Damage    Failure   Level
z - Confusing Touch       Hex            13%        N/A       30%         3

Your spell library contained the following spells:

 Spells                   Type           Power      Damage    Failure   Level
 Slow                     Hex            13%        N/A       16%         2
 Vampiric Draining        Necr           1%         2d6       65%         3


Dungeon Overview and Level Annotations

Branches:
Dungeon (3/15)

Altars:
Dithmenos
Elyvilon
Fedhas
Makhleb

Annotations:
D:2 Ijyb


Innate Abilities, Weirdness & Mutations

You are small and have problems with some larger weapons.
You are completely attuned to the shadows.


Message History

The ufetubus closely misses you. The ufetubus barely misses you.
As you read the scroll labelled ICEPHUL BIVOT, it crumbles to dust.
You assume a fearsome visage.
The shadow imp is unaffected. x2
The ufetubus is unaffected. x2; The hobgoblin looks frightened!
It was a scroll of fear.
The ufetubus closely misses you. The ufetubus barely misses you.
The shadow imp misses you.
The shadow imp sputters.
As you read the scroll labelled OLOANUKOLO, it crumbles to dust.
It is a scroll of amnesia.
Really abort (and waste the scroll)? [Y]es or [N]o only, please.
Really abort (and waste the scroll)?
Okay, then.
The ufetubus barely misses you.
The ufetubus hits you but does no damage.
The shadow imp hits you but does no damage.
The ufetubus hits you. The ufetubus closely misses you.
The hobgoblin begs for mercy.
Unknown command.
You feel clever all of a sudden.
The ufetubus hits you but does no damage.
The ufetubus misses you.
Ijyb screams, "Level is mine!
All mine!"
The shadow imp closely misses you.
You aren't carrying any potions.
Okay, then.
Unknown command.
Unknown command.
You fail to use your ability.
The ufetubus completely misses you.
The ufetubus hits you but does no damage.
The shadow imp misses you. The ufetubus barely misses you.
The ufetubus hits you.
* * * LOW HITPOINT WARNING * * *
Aiming: Shadow Step
Press: ? - help, Dir - move target, f - shadow imp
Aim: a shadow imp (summoned, weak-willed, umbra)
You step into the shadow imp's shadow.
The shadow imp gestures at you. Pain shoots through your body!
You die...

#.# #.##.#....# #.
#.#######.##.#....#
#.
#............####.#
#.
#..#####..#...###.###
#.
#..........#........#
#†
##.#####.#..........#
#. #.# #...#.####...#
#. #.# #.#########..#
#. #)# #.# #.@5>55..#
#. ##.#
#.###.####5..# ##
#..#####.##.........#
#.#.<........####..g#
#.#.####.##.## #....#
#.#.# #.##.#
#...########### #.#.#
#.##.#
#.......<......
#.#.####.##.#
#..############
#.#......##.####..###


You could see 2 shadow imps and 2 ufetubi.

Vanquished Creatures
  A water moccasin zombie (D:3)
  A hound (D:2)
  Jessica (D:3)
  2 adders
  A worm (D:2)
  3 dart slugs
  7 orcs
  5 endoplasms
  5 giant cockroaches
  6 goblins
  7 hobgoblins
  10 jackals
  4 kobolds
  A quokka (D:2)
  5 ball pythons
  3 bats
  12 frilled lizards
  2 rats
76 creatures vanquished.

Vanquished Creatures (others)
  A necrophage (D:3)
  A frilled lizard (D:3)
  5 plants (D:1)
7 creatures vanquished.

Grand Total: 83 creatures vanquished

Notes
Turn   | Place    | Note
-------+----------+-------------------------------------------
     0 | D:1      | jejorda2 the Kobold Chaos Knight began the quest for the
                  | Orb.
     0 | D:1      | Reached XP level 1. HP: 14/14 MP: 1/1
    25 | D:1      | Noticed an electric eel
   125 | D:1      | XOM: potion effect (invisibility)
   133 | D:1      | Reached XP level 2. HP: 11/19 MP: 2/2
   237 | D:1      | XOM: silly message
   406 | D:1      | XOM: butterfly on damage
   585 | D:1      | Reached XP level 3. HP: 21/23 MP: 3/3
   617 | D:1      | Reached skill level 5 in Short Blades
   661 | D:1      | Found a faded altar of an unknown god.
   684 | D:1      | Fell from the grace of Xom
   684 | D:1      | Became a worshipper of Dithmenos the Shadowed
   684 | D:1      | Reached * piety under Dithmenos
  1076 | D:1      | XOM: draining
  1527 | D:2      | You fall into a shaft and drop 1 floor!
  1590 | D:2      | Reached XP level 4. HP: 25/27 MP: 4/4
  1776 | D:2      | XOM: summons 4 hostile shadow creatures
  1950 | D:2      | Reached skill level 1 in Invocations
  1985 | D:2      | Reached ** piety under Dithmenos
  2143 | D:2      | XOM: summons 1 hostile demon
  2179 | D:2      | Learned a level 3 spell: Confusing Touch
  2814 | D:3      | Killed a necrophage
  2825 | D:3      | Found a white marble altar of Elyvilon.
  2825 | D:3      | XOM: 2-stop teleportation journey
  2848 | D:3      | Noticed Jessica
  2851 | D:3      | Killed Jessica
  2852 | D:3      | Reached skill level 1 in Spellcasting
  2852 | D:3      | Reached skill level 1 in Hexes
  2852 | D:3      | Reached XP level 5. HP: 22/33 MP: 6/6
  3214 | D:3      | Found a blossoming altar of Fedhas.
  3214 | D:3      | Found a burning altar of Makhleb.
  3302 | D:3      | Found a shadowy altar of Dithmenos.
  3344 | D:3      | Reached XP level 6. HP: 38/38 MP: 9/9
  3724 | D:2      | Reached skill level 1 in Stealth
  3809 | D:3      | Noticed Ijyb
  3819 | D:2      | XOM: summons 5 hostile demons
  3839 | D:2      | Killed from afar by a shadow imp

Illustrated notes

Levels and vault maps discovered:
D:1:      arrival_aquarium_a, layout_basic,
          hellmonk_ecumenical_altar_pennies_from_heaven,
          minmay_misc_feat_square, chequers_serial_rivers_micro_b, minivault_25,
          minmay_lizard_king
D:2:      mumra_celtic_spiral_tile, layout_loops_ring,
          kennysheep_generic_room_16
D:3:      layout_rooms, nicolae_elyvilon_peaceful_grove, amcnicky_altar_gilded,
          gammafunk_temple_overflow_wave, lemuel_flame_loot_1, uniq_jessica,
          uniq_ijyb

Skill      XL: |  1  2  3  4  5  6 |
---------------+-------------------+-----
Short Blades   | 5 |  5.7
Invocations    | 1 |  1.1
Fighting       | 4 |  4.0
Spellcasting   | 1 2 |  2.4
Hexes          | 1 2 |  2.5
Stealth        | 1 |  1.0
Armour         | |  0.7
Dodging        | |  2.4

Action                   |  1- 3 |  4- 6 || total
-------------------------+-------+-------++-------
Melee: Short sword       |   132 |   100 ||   232
       Dagger            |       |    96 ||    96
Throw: Dart              |       |     4 ||     4
 Cast: Confusing Touch   |       |     3 ||     3
Invok: Shadow Step       |       |     1 ||     1
  Use: Scroll            |       |     4 ||     4
       Potion            |       |     3 ||     3
 Stab: Sleeping          |     7 |     3 ||    10
       Invisible         |     2 |       ||     2
       Confused          |       |     2 ||     2
Armor: Leather armour    |    19 |    39 ||    58
Dodge: Dodged            |    82 |   170 ||   252
